 Dungeon Crawl Stone Soup version 0.30-a0-222-ge547ba4400 (webtiles) character file.

Game seed: 14893738221969406536

184130 qw the Peltast (level 18, -2/118 HPs)
             Began as a Gargoyle Fighter on Oct 8, 2022.
             Was a High Priest of Okawaru.
             Slain by a naga warrior
             ... wielding a +0 halberd
              (38 damage)
             ... on level 4 of the Snake Pit.
             The game lasted 00:14:10 (33176 turns).

qw the Peltast (Gargoyle Fighter)                  Turns: 33176, Time: 00:14:11

Health: -2/118     AC: 54    Str: 32    XL:     18   Next: 39%
Magic:  19/25      EV: 12    Int: 18    God:    Okawaru [*****.]
Gold:   2746       SH: 23    Dex: 14    Spells: 17/17 levels left

rFire   + + .      SeeInvis .    c - +6 war axe of Esaun {speed, rC+++ Will- rCorr Dex+5}
rCold   + + +      Faith    .    C - +0 tower shield
rNeg    + + .      Spirit   .    D - +5 plate armour {rF+}
rPois   inf        Reflect  .    b - +1 helmet
rElec   +          Harm     .    A - +1 cloak of the Ward {Str+4 Int+4}
rCorr   +          Rampage  .    t - +1 pair of gloves "Obluz" {rN+}
Will    .....      NoTele   +    k - +1 pair of boots
Stlth   ..........               E - amulet "Fegronan" {Regen+ Int+5}
HPRegen 1.19/turn                z - ring of protection from fire
MPRegen 0.19/turn                y - +4 ring of protection

@: heroic, weakened, untranslocatable, flying
A: sickness immunity, AC +13, big wings, negative energy resistance 1,
electricity resistance, torment resistance 1, petrification resistance,
iridescent scales 1
a: Renounce Religion, Heroism, Finesse, Duel


You were on level 4 of the Snake Pit.
You worshipped Okawaru.
Okawaru was extremely pleased with you.
You visited 6 branches of the dungeon, and saw 30 of its levels.

You collected 3854 gold pieces.
You spent 1108 gold pieces at shops.


Innate Abilities, Weirdness & Mutations

You are immune to sickness and miasma.
Your stone body is resilient. (AC +13)
You are immune to poison.
Your large and strong wings let you fly.
You resist negative energy. (rN+)
You are resistant to electric shocks. (rElec)
You are resistant to unholy torment.
You are immune to petrification.
You are partially covered in iridescent scales. (AC +2)


   Skills:
 + Level 14.8(19.8) Fighting
 - Level 16.6(21.6) Axes
 - Level 8.0(13.0) Throwing
 - Level 14.0(19.0) Armour
 - Level 5.0(10.0) Dodging
 - Level 18.0(23.0) Shields
 - Level 10.0 Invocations


You had 17 spell levels left.
You didn't know any spells.
Your spell library was empty.

Inventory:

Hand Weapons
 c - the +6 war axe of Esaun (weapon) {speed, rC+++ Will- rCorr Dex+5}
   (Okawaru gifted it to you on level 2 of the Orcish Mines)

   Attacks with this weapon are significantly faster.
   Dex:       It affects your dexterity (+5).
   rC:        It renders you almost immune to cold.
   rCorr:     It protects you from acid and corrosion.
   Will:      It decreases your willpower.
 x - a +4 broad axe of electrocution
Missiles
 l - 10 javelins (quivered)
 B - 29 boomerangs
 F - a silver javelin
Armour
 b - a +1 helmet (worn)
 k - a +1 pair of boots (worn)
 o - the +1 cloak of Ninkuuc {-Tele Will+ Slay+4}
   (Okawaru gifted it to you on level 5 of the Lair of Beasts)

   Slay:      It affects your accuracy & damage with ranged weapons and melee
   (+4).
   -Tele:     It prevents most forms of teleportation.
   Will:      It increases your willpower.
 q - the +2 pair of boots "Siybrugi" {MP+9 Dex+2}
   (Okawaru gifted it to you on level 4 of the Snake Pit)

   Dex:       It affects your dexterity (+2).
   MP:        It affects your magic capacity (+9).
 t - the +1 pair of gloves "Obluz" (worn) {rN+}
   (You found it on level 2 of the Lair of Beasts)

   rN:        It protects you from negative energy.
 A - the +1 cloak of the Ward (worn) {Str+4 Int+4}
   (You found it on level 14 of the Dungeon)

   Str:       It affects your strength (+4).
   Int:       It affects your intelligence (+4).
 C - a +0 tower shield (worn)
 D - a +5 plate armour of fire resistance (worn)
Jewellery
 r - an amulet of reflection
 w - a ring of protection from cold
 y - a +4 ring of protection (right hand)
 z - a ring of protection from fire (left hand)
 E - the amulet "Fegronan" (around neck) {Regen+ Int+5}
   (You found it on level 2 of the Swamp)

   [amulet of regeneration]

   Int:       It affects your intelligence (+5).
   Regen:     It increases your rate of health regeneration.
 G - a ring of resist corrosion
 H - an amulet of faith
 Y - a ring of fire
Scrolls
 a - 2 scrolls of brand weapon
 f - 15 scrolls of teleportation
 g - 12 scrolls of identify
 p - 9 scrolls of enchant weapon
Potions
 d - 5 potions of might
 e - 21 potions of curing
 h - 8 potions of lignification
 i - 9 potions of mutation
 j - 4 potions of cancellation
 m - 10 potions of attraction
 n - 6 potions of haste
 s - 8 potions of magic
 u - 3 potions of resistance
 v - 4 potions of heal wounds

Dungeon Overview and Level Annotations

Branches:
Dungeon (15/15)            Temple (1/1) D:5            Lair (5/5) D:8
  Swamp (3/4) Lair:3        Snake (4/4) Lair:3        Slime (0/5) Lair:4
    Orc (2/2) D:10            Elf (0/3) Orc:2        Vaults (0/5) D:14
 Depths (0/4) D:15

Altars:
Ashenzari
Cheibriados
Dithmenos
Elyvilon
Fedhas
Gozag
Hepliaklqana
Kikubaaqudgha
Makhleb
Nemelex Xobeh
Okawaru
Qazlal
Ru
Sif Muna
Trog
Uskayaw
Vehumet
Wu Jian
Xom
Yredelemnul
Zin
The Shining One

Shops:
D:3 ?   D:10 (   D:12 :   Orc:2 !*((   Snake:4 :?

Annotations:
D:9 1 runed translucent door, qw's ghost, journeyman GrFi
Lair:1 2 transporters, qw's ghost, novice GrFi
Lair:4 1 runed translucent door
Swamp:1 3 runed translucent doors, qw's ghost, adept GrFi
Snake:4 Vashnia


Message History

You hit the salamander tyrant.
The nagaraja hits you but does no damage.
You block the naga mage's attack. The naga mage constricts you.
The naga warrior closely misses you.
You hit the naga mage but do no damage.
The naga mage is lightly wounded.
You closely miss the salamander tyrant. You block the nagaraja's attack. x2
You block the salamander tyrant's attack.
You closely miss the naga mage.
The naga mage is lightly wounded.
You slash the salamander tyrant! You block the naga mage's attack.
The naga mage constricts you.
The nagaraja gestures at you while chanting.
You block the poison arrow.
The naga warrior hits you from afar with a +0 halberd!
The naga sharpshooter unwields a +0 glaive.
The naga sharpshooter wields a +0 arbalest.
The naga sharpshooter gestures wildly while chanting.
The nagaraja spits poison at you. You block the splash of poison.
The naga warrior roars a battlecry!
The nagas go into a battle-frenzy!
You slice the naga mage!!
The naga mage is severely wounded.
You hit the anaconda. You hit the salamander tyrant.
You block the naga mage's attack. The naga mage constricts you.
The salamander tyrant gazes fiercely through you!
You feel as though you will be weak longer.
The salamander tyrant hits you!
You are engulfed in flames!
You resist. You block the nagaraja's attack.
The anaconda bites you but does no damage.
The nagaraja gestures at you while chanting.
You barely resist. You slice the naga mage!!
You kill the naga mage!
Okawaru accepts your kill.
You hit the anaconda but do no damage. You hit the salamander tyrant.
The naga warrior hits you from afar with a +0 halberd!!!
You die...

##### #...%...... ..#
#.[.####... ...#
#....# #### N...#
#(.#### ...NN# #.# ##
.N.N# #.# ######.
#NN.#####.# ##......
#NS)##...####..###..
#N@.#.# #......(...
##..'[# #.7.7.7.7..
#N%))###..}.#.}...
#..)#.##..7.7.7.7..
#...##)#....#.\.#...
#...###...#.7.7.7.7..
....# ##.##..}.#.}...
....# #..#.7.7.7.7..
...# ##..........?#


You could see 2 nagarajas, 2 naga warriors, 2 naga sharpshooters, a salamander
tyrant (strong), an anaconda, a naga ritualist (strong) and 2 nagas.

Vanquished Creatures
  Kirke (Swamp:2)
  2 nagarajas
  Louise (D:14)
  2 ghouls (Swamp:2)
  4 eleionomae
  A very ugly thing (D:15)
  8 bunyips
  A yaktaur captain (D:14)
  A shambling mangrove (Swamp:2)
  A great orb of eyes (D:15)
  4 catoblepae
  Harold (D:11)
  15 hydras
  15 anacondas
  5 alligators
  3 boulder beetles (D:11)
  6 two-headed ogres
  A ghost crab (Swamp:3)
  5 tengu warriors
  6 death yaks
  14 naga warriors
  4 naga sharpshooters
  10 shock serpents
  Urug (Lair:4)
  6 spriggans
  4 salamander mystics
  5 skeletal warriors (D:14)
  5 spriggan druids
  5 goliath frogs
  6 naga ritualists
  6 swamp dragons
  4 bog bodies
  12 orc knights
  3 wolf spiders (Lair:5)
  Pikel (D:9)
  10 mana vipers
  A deep elf pyromancer (D:9)
  12 ugly things
  6 will-o-the-wisps
  5 salamanders
  3 orc sorcerers
  4 manticores
  Maurice (D:9)
  A cyclops (D:15)
  11 naga magi
  13 cane toads
  35 black mambas
  9 guardian serpents
  3 torpor snails
  2 unseen horrors (D:12)
  A rime drake (Lair:4)
  4 kobold demonologists
  4 gargoyles
  2 yaktaurs (D:14)
  8 komodo dragons
  2 tengu conjurers
  9 tyrant leeches
  A wolf spider simulacrum (D:15)
  10 polar bears
  10 hornets
  9 trolls
  Grinder (D:4)
  3 raiju (Lair:5)
  12 slime creatures
  19 blink frogs
  A dream sheep (shapeshifter) (D:15)
  A centaur simulacrum (D:15)
  A shadow (D:11)
  4 wraiths
  2 vampires (D:11)
  14 wyverns
  A water elemental (D:12)
  Eustachio (D:4)
  5 hogs (Swamp:2)
  30 yaks
  4 steam dragons
  A redback (Lair:5)
  8 basilisks
  Menkaure (D:4)
  23 vampire mosquitoes
  12 wargs
  37 nagas
  10 swamp worms
  An acid dragon (D:13)
  24 water moccasins
  Duvessa (D:5)
  11 hell hounds (Lair:5)
  5 swamp drakes
  2 ice beasts
  12 black bears
  40 orc warriors
  27 wolves
  3 ogres
  5 centaurs
  2 lemures (D:9)
  3 phantoms
  Blork the orc (D:4)
  3 kobold brigands
  17 bullfrogs
  5 scorpions
  A gnoll sergeant (D:12)
  8 wights
  Dowan (D:5)
  9 killer bees
  12 howler monkeys
  7 hounds
  A jelly (D:6)
  2 gnoll boudas
  8 orc priests
  3 iguanas
  15 orc wizards
  14 gnolls
  6 adders
  3 shadow imps
  2 white imps
  3 worms
  2 dart slugs
  76 orcs
  7 endoplasms
  2 giant cockroaches
  11 goblins
  11 hobgoblins
  8 kobolds
  10 quokkas
  8 ball pythons
  7 bats
  2 frilled lizards
  8 rats
  A spectral hobgoblin (D:15)
946 creatures vanquished.

Vanquished Creatures (others)
  A naga ritualist (Snake:4)
  A black mamba (Snake:4)
  A bloated husk (Swamp:1)
  A swamp worm (Swamp:1)
  A hell hound (Lair:5)
  11 foxfires
  29 fungi
  82 plants
127 creatures vanquished.

Grand Total: 1073 creatures vanquished

Notes
Turn   | Place    | Note
-------+----------+-------------------------------------------
     0 | D:1      | qw the Gargoyle Fighter began the quest for the Orb.
     0 | D:1      | Reached XP level 1. HP: 14/14 MP: 1/1
     0 | D:1      | 0 ||| qw: Version: 0.2-a-17-g06abaee
     0 | D:1      | 0 ||| qw: Game counter: 2039
     0 | D:1      | 0 ||| qw: Always use a shield: true
     0 | D:1      | 0 ||| qw: God list: Okawaru
     0 | D:1      | 0 ||| qw: Allow faded altars: false
     0 | D:1      | 0 ||| qw: Do Orc after D:15 true
     0 | D:1      | 0 ||| qw: Do second Lair branch before Depths: true
     0 | D:1      | 0 ||| qw: Lair rune preference: random
     0 | D:1      | 0 ||| qw: Plans: Normal, Zot:1-4, God:TSO, Crypt, Tomb,
                  | Pan, Slime:5, Hells, Abyss, Orb
     0 | D:1      | 0 ||| PLANNING D:1-11
   160 | D:1      | Reached XP level 2. HP: 19/19 MP: 2/2
   160 | D:1      | 160 ||| Stepping ~*~*~tactically~*~*~ (stealth).
   241 | D:1      | 241 ||| Stepping ~*~*~tactically~*~*~ (stealth).
   668 | D:1      | Reached skill level 3 in Axes
   839 | D:1      | Reached XP level 3. HP: 23/23 MP: 3/3
   952 | D:1      | 952 ||| DROPPING +0 club.
  1055 | D:1      | 1055 ||| READING scroll labelled MOIPRU AZOIFUGG.
  1056 | D:1      | 1056 ||| READING 3 scrolls labelled VEEXEUKOQA.
  1057 | D:1      | 1057 ||| READING 2 scrolls labelled NYWAKU IGE.
  1058 | D:1      | 1058 ||| READING scroll labelled TAIG WOMETOWOIMM.
  1059 | D:1      | 1059 ||| DRINKING 2 gluggy clear potions.
  1060 | D:1      | 1060 ||| READING 2 scrolls of identify.
  1060 | D:1      | 1060 ||| IDENTIFYING coppery potion
  1061 | D:1      | 1061 ||| DROPPING scroll of poison.
  1062 | D:1      | 1062 ||| DROPPING potion of flight.
  1169 | D:2      | 1169 ||| Stepping ~*~*~tactically~*~*~ (hiding).
  1379 | D:2      | Found a faded altar of an unknown god.
  1777 | D:2      | 1777 ||| UPGRADING to +1 pair of boots.
  1782 | D:2      | 1782 ||| READING 2 scrolls labelled VUIPEKHEFUZ.
  1787 | D:2      | 1787 ||| READING 2 scrolls of identify.
  1787 | D:2      | 1787 ||| IDENTIFYING white potion
  1811 | D:3      | 1811 ||| STAIRDANCE
  1823 | D:3      | Found Vesyogod's Magic Scroll Shop.
  1843 | D:3      | 1843 ||| BUYING scroll of enchant weapon (97 gold).
  1843 | D:3      | Bought a scroll of enchant weapon for 97 gold pieces
  1843 | D:3      | 1843 ||| SHOPLISTING scroll of identify (26 gold, have 24).
  1843 | D:3      | 1843 ||| SHOPLISTING scroll of teleportation (39 gold, have
                  | 24).
  1843 | D:3      | 1843 ||| READING scroll of enchant weapon.
  1843 | D:3      | 1843 ||| ENCHANTING +0 war axe.
  1853 | D:3      | Reached XP level 4. HP: 28/28 MP: 4/4
  1934 | D:3      | Found a radiant altar of Vehumet.
  2519 | D:3      | 2519 ||| READING scroll labelled ARRYIV ZEIFE.
  2520 | D:3      | 2520 ||| DRINKING 2 murky purple potions.
  2564 | D:3      | 2564 ||| DRINKING 2 pink potions.
  2564 | D:3      | Gained mutation: You are partially covered in iridescent
                  | scales. (AC +2) [potion of mutation]
  2565 | D:3      | 2565 ||| READING 3 scrolls of identify.
  2565 | D:3      | 2565 ||| IDENTIFYING metallic blue potion
  2566 | D:3      | 2566 ||| READING 2 scrolls of identify.
  2566 | D:3      | 2566 ||| IDENTIFYING inky potion
  2567 | D:3      | 2567 ||| DROPPING potion of berserk rage.
  2770 | D:4      | Noticed an ogre
  2778 | D:4      | Killed an ogre
  2779 | D:4      | Reached XP level 5. HP: 32/32 MP: 5/5
  2877 | D:4      | Identified the +2 ring mail of Gozag's Grace {Slay+5}
  2897 | D:4      | Noticed Blork the orc
  2907 | D:4      | Killed Blork the orc
  2908 | D:4      | Reached XP level 6. HP: 39/39 MP: 6/6
  2910 | D:4      | 2910 ||| SWAPPING to +0 broad axe.
  2911 | D:4      | 2911 ||| DROPPING +1 war axe of protection.
  2962 | D:4      | Noticed a steam dragon
  2968 | D:4      | Killed a steam dragon
  3027 | D:4      | Reached XP level 7. HP: 37/44 MP: 7/7
  3108 | D:4      | Noticed Menkaure
  3112 | D:4      | Killed Menkaure
  3113 | D:4      | Reached skill level 6 in Axes
  3228 | D:4      | Noticed Eustachio
  3268 | D:4      | Killed Eustachio
  3269 | D:4      | Reached XP level 8. HP: 33/48 MP: 8/8
  3394 | D:4      | 3394 ||| Stepping ~*~*~tactically~*~*~ (stealth).
  3397 | D:4      | 3397 ||| Stepping ~*~*~tactically~*~*~ (stealth).
  3398 | D:4      | Noticed Grinder
  3411 | D:4      | 3411 ||| Stepping ~*~*~tactically~*~*~ (hiding).
  3419 | D:4      | Paralysed by Grinder for 3 turns
  3423 | D:4      | Killed Grinder
  3750 | D:4      | 3750 ||| Stepping ~*~*~tactically~*~*~ (stealth).
  3752 | D:4      | 3752 ||| Stepping ~*~*~tactically~*~*~ (hiding).
  3974 | D:4      | 3974 ||| DROPPING +0 mace.
  4055 | D:4      | 4055 ||| UPGRADING to +2 ring mail of Gozag's Grace
                  | {Slay+5}.
  4065 | D:4      | 4065 ||| DROPPING +0 scale mail.
  4066 | D:4      | 4066 ||| DROPPING ring of wizardry.
  4067 | D:4      | 4067 ||| READING scroll labelled KOATZE KEIT.
  4068 | D:4      | 4068 ||| READING scroll labelled BUUJAIV ZAMMA.
  4069 | D:4      | 4069 ||| READING scroll labelled READON MOHO.
  4070 | D:4      | 4070 ||| DRINKING 2 fuming inky potions.
  4071 | D:4      | 4071 ||| READING 3 scrolls of identify.
  4071 | D:4      | 4071 ||| IDENTIFYING fuming white potion
  4072 | D:4      | 4072 ||| READING 2 scrolls of identify.
  4072 | D:4      | 4072 ||| IDENTIFYING bubbling silvery potion
  4073 | D:4      | 4073 ||| DROPPING potion of invisibility.
  4074 | D:4      | 4074 ||| DROPPING potion of ambrosia.
  4110 | D:5      | Entered Level 5 of the Dungeon
  4254 | D:5      | Found a staircase to the Ecumenical Temple.
  4255 | D:5      | 4255 ||| PLANNING TEMPLE
  4257 | D:5      | 4257 ||| FLEEEEING.
  4258 | D:5      | 4258 ||| FLEEEEING.
  4259 | D:5      | 4259 ||| FLEEEEING.
  4262 | D:5      | 4262 ||| FLEEEEING.
  4263 | D:5      | 4263 ||| FLEEEEING.
  4264 | D:5      | 4264 ||| FLEEEEING.
  4265 | D:5      | 4265 ||| FLEEEEING.
  4266 | D:5      | 4266 ||| FLEEEEING.
  4267 | D:5      | 4267 ||| STAIRDANCE
  4271 | D:5      | 4271 ||| STAIRDANCE
  4307 | D:5      | Reached skill level 6 in Fighting
  4307 | D:5      | 4307 ||| STAIRDANCE
  4326 | Temple   | Entered the Ecumenical Temple
  4379 | Temple   | 4379 ||| PLANNING OKAWARU WORSHIP
  4396 | Temple   | Became a worshipper of Warmaster Okawaru
  4397 | Temple   | 4397 ||| PLANNING D:1-11
  4568 | D:5      | Reached skill level 9 in Axes
  4568 | D:5      | Reached XP level 9. HP: 49/56 MP: 9/9
  4641 | D:5      | Noticed Duvessa
  4641 | D:5      | Noticed Dowan
  4648 | D:5      | Killed Dowan
  4653 | D:5      | Killed Duvessa
  4653 | D:5      | Reached * piety under Okawaru
  4654 | D:5      | Reached skill level 4 in Shields
  4722 | D:5      | Reached skill level 1 in Invocations
  4966 | D:5      | 4966 ||| UPGRADING to +0 helmet.
  5263 | D:6      | 5263 ||| INVOKING Heroism.
  5478 | D:6      | 5478 ||| Stepping ~*~*~tactically~*~*~ (stealth).
  5486 | D:6      | Reached skill level 3 in Invocations
  5638 | D:6      | 5638 ||| INVOKING Heroism.
  5925 | D:6      | 5925 ||| Stepping ~*~*~tactically~*~*~ (hiding).
  5928 | D:6      | 5928 ||| INVOKING Heroism.
  6346 | D:6      | 6346 ||| UPGRADING to ring of resist corrosion.
  6347 | D:6      | 6347 ||| DROPPING ring of magical power.
  6348 | D:6      | 6348 ||| READING 3 scrolls labelled FEMOEN ARET.
  6349 | D:6      | 6349 ||| READING 2 scrolls of identify.
  6349 | D:6      | 6349 ||| IDENTIFYING purple potion
  6350 | D:6      | 6350 ||| DROPPING 2 scrolls of blinking.
  6455 | D:7      | 6455 ||| Stepping ~*~*~tactically~*~*~ (hiding).
  6499 | D:7      | Noticed a komodo dragon
  6500 | D:7      | 6500 ||| INVOKING Heroism.
  6506 | D:7      | Killed a komodo dragon
  6506 | D:7      | Reached ** piety under Okawaru
  6539 | D:7      | 6539 ||| INVOKING Heroism.
  6548 | D:7      | Reached XP level 10. HP: 63/63 MP: 11/13
  6959 | D:8      | 6959 ||| Stepping ~*~*~tactically~*~*~ (stealth).
  6960 | D:8      | 6960 ||| Stepping ~*~*~tactically~*~*~ (stealth).
  7021 | D:8      | 7021 ||| Stepping ~*~*~tactically~*~*~ (stealth).
  7054 | D:8      | Found an ornate altar of the Wu Jian Council.
  7089 | D:8      | 7089 ||| INVOKING Heroism.
  7096 | D:8      | Reached skill level 5 in Shields
  7121 | D:8      | 7121 ||| Stepping ~*~*~tactically~*~*~ (stealth).
  7122 | D:8      | 7122 ||| Stepping ~*~*~tactically~*~*~ (stealth).
  7123 | D:8      | 7123 ||| Stepping ~*~*~tactically~*~*~ (stealth).
  7145 | D:8      | 7145 ||| Stepping ~*~*~tactically~*~*~ (hiding).
  7151 | D:8      | 7151 ||| INVOKING Heroism.
  7158 | D:8      | Reached skill level 3 in Throwing
  7230 | D:8      | 7230 ||| READING scroll of brand weapon.
  7230 | D:8      | 7230 ||| BRANDING +0 broad axe.
  7237 | D:8      | 7237 ||| INVOKING Heroism.
  7240 | D:8      | 7240 ||| Stepping ~*~*~tactically~*~*~ (stealth).
  7251 | D:8      | Reached *** piety under Okawaru
  7307 | D:8      | 7307 ||| INVOKING Heroism.
  7350 | D:8      | 7350 ||| Stepping ~*~*~tactically~*~*~ (hiding).
  7352 | D:8      | 7352 ||| Stepping ~*~*~tactically~*~*~ (hiding).
  7356 | D:8      | 7356 ||| INVOKING Heroism.
  7357 | D:8      | 7357 ||| READING scroll labelled FYSHRY JAVUINEOCU.
  7407 | D:8      | 7407 ||| FLEEEEING.
  7408 | D:8      | 7408 ||| FLEEEEING.
  7409 | D:8      | 7409 ||| FLEEEEING.
  7410 | D:8      | 7410 ||| FLEEEEING.
  7411 | D:8      | 7411 ||| FLEEEEING.
  7412 | D:8      | 7412 ||| FLEEEEING.
  7413 | D:8      | 7413 ||| FLEEEEING.
  7414 | D:8      | 7414 ||| FLEEEEING.
  7415 | D:8      | 7415 ||| FLEEEEING.
  7416 | D:8      | 7416 ||| FLEEEEING.
  7417 | D:8      | 7417 ||| FLEEEEING.
  7418 | D:8      | 7418 ||| FLEEEEING.
  7419 | D:8      | 7419 ||| FLEEEEING.
  7420 | D:8      | 7420 ||| FLEEEEING.
  7421 | D:8      | 7421 ||| FLEEEEING.
  7422 | D:8      | 7422 ||| FLEEEEING.
  7423 | D:8      | 7423 ||| FLEEEEING.
  7425 | D:8      | 7425 ||| FLEEEEING.
  7426 | D:8      | 7426 ||| FLEEEEING.
  7427 | D:8      | 7427 ||| FLEEEEING.
  7429 | D:8      | 7429 ||| FLEEEEING.
  7430 | D:8      | 7430 ||| FLEEEEING.
  7432 | D:8      | 7432 ||| FLEEEEING.
  7433 | D:8      | 7433 ||| FLEEEEING.
  7434 | D:8      | 7434 ||| FLEEEEING.
  7435 | D:8      | 7435 ||| FLEEEEING.
  7436 | D:8      | 7436 ||| FLEEEEING.
  7440 | D:8      | 7440 ||| FLEEEEING.
  7441 | D:8      | 7441 ||| FLEEEEING.
  7442 | D:8      | 7442 ||| FLEEEEING.
  7443 | D:8      | 7443 ||| FLEEEEING.
  7444 | D:8      | 7444 ||| FLEEEEING.
  7445 | D:8      | 7445 ||| INVOKING Heroism.
  7764 | D:8      | Found a staircase to the Lair.
  7774 | D:8      | Reached **** piety under Okawaru
  7775 | D:8      | Reached skill level 9 in Fighting
  7833 | D:8      | 7833 ||| PLANNING LAIR
  7833 | D:8      | 7833 ||| UPGRADING to +0 pair of gloves.
  7861 | Lair:1   | Entered Level 1 of the Lair of Beasts
  7872 | Lair:1   | Noticed a lindwurm
  7886 | Lair:1   | Noticed qw's ghost (novice GrFi)
  7903 | Lair:1   | Found a transporter.
  7913 | Lair:1   | Noticed a moth of wrath
  7925 | Lair:1   | Found a transporter.
  7974 | Lair:1   | 7974 ||| INVOKING Heroism.
  7992 | Lair:1   | Reached XP level 11. HP: 67/71 MP: 14/14
  7997 | Lair:1   | 7997 ||| INVOKING Heroism.
  8072 | Lair:1   | 8072 ||| READING scroll of enchant weapon.
  8072 | Lair:1   | 8072 ||| ENCHANTING +0 broad axe of electrocution.
  8151 | Lair:1   | 8151 ||| Stepping ~*~*~tactically~*~*~ (stealth).
  8153 | Lair:1   | 8153 ||| INVOKING Heroism.
  8162 | Lair:1   | Reached skill level 6 in Invocations
  8376 | Lair:1   | Noticed a catoblepas
  8377 | Lair:1   | 8377 ||| INVOKING Heroism.
  8384 | Lair:1   | Killed a catoblepas
  9013 | Lair:1   | Noticed a boulder beetle
  9204 | Lair:1   | 9204 ||| READING scroll labelled LUAFARR MAAVEY.
  9205 | Lair:1   | 9205 ||| READING scroll labelled YWELASH FOKK.
  9206 | Lair:1   | 9206 ||| READING scroll labelled XATERPH HOZUED.
  9311 | Lair:2   | 9311 ||| Stepping ~*~*~tactically~*~*~ (stealth).
  9312 | Lair:2   | 9312 ||| Stepping ~*~*~tactically~*~*~ (stealth).
  9313 | Lair:2   | 9313 ||| Stepping ~*~*~tactically~*~*~ (stealth).
  9314 | Lair:2   | 9314 ||| INVOKING Heroism.
  9359 | Lair:2   | 9359 ||| INVOKING Heroism.
  9414 | Lair:2   | 9414 ||| Stepping ~*~*~tactically~*~*~ (stealth).
  9419 | Lair:2   | Reached ***** piety under Okawaru
  9481 | Lair:2   | 9481 ||| READING scroll of enchant weapon.
  9481 | Lair:2   | 9481 ||| ENCHANTING +1 broad axe of electrocution.
  9504 | Lair:2   | Reached skill level 12 in Axes
  9656 | Lair:2   | Identified the +1 pair of gloves "Obluz" {rN+}
  9767 | Lair:2   | 9767 ||| INVOKING Heroism.
  9820 | Lair:2   | 9820 ||| Stepping ~*~*~tactically~*~*~ (stealth).
 10190 | Lair:2   | 10190 ||| UPGRADING to +1 pair of gloves "Obluz" {rN+}.
 10200 | Lair:2   | 10200 ||| DROPPING +0 pair of gloves.
 10201 | Lair:2   | 10201 ||| DRINKING 2 blue potions.
 10202 | Lair:2   | 10202 ||| READING 4 scrolls of identify.
 10202 | Lair:2   | 10202 ||| IDENTIFYING sedimented ruby potion
 10203 | Lair:2   | 10203 ||| DROPPING potion of degeneration.
 10235 | Lair:3   | Found a staircase to the Snake Pit.
 10237 | Lair:3   | 10237 ||| INVOKING Heroism.
 10247 | Lair:3   | Identified the +7 hand axe of Symmetry {vorpal, rPois}
                  | (Okawaru gifted it to you on level 3 of the Lair of Beasts)
 10247 | Lair:3   | Received a gift from Okawaru
 10337 | Lair:3   | Identified the amulet "Qiofenui" {Faith -Tele Rampage
                  | Slay+4}
 10370 | Lair:3   | 10370 ||| INVOKING Heroism.
 10464 | Lair:3   | Noticed a death yak
 10465 | Lair:3   | 10465 ||| INVOKING Heroism.
 10466 | Lair:3   | 10466 ||| INVOKING Finesse.
 10480 | Lair:3   | Killed a death yak
 10542 | Lair:3   | 10542 ||| INVOKING Heroism.
 10544 | Lair:3   | Reached skill level 6 in Shields
 10560 | Lair:3   | Identified the +8 spear of Foolhardiness {freeze, Will+
                  | Str+3 Int+3 Stlth+}
 10576 | Lair:3   | Reached skill level 9 in Invocations
 10651 | Lair:3   | 10651 ||| INVOKING Heroism.
 10683 | Lair:3   | Reached XP level 12. HP: 77/77 MP: 18/18
 10818 | Lair:3   | Found a staircase to the Swamp.
 10825 | Lair:3   | 10825 ||| INVOKING Heroism.
 11024 | Lair:3   | Noticed a seven-headed hydra
 11025 | Lair:3   | 11025 ||| INVOKING Heroism.
 11026 | Lair:3   | 11026 ||| INVOKING Finesse.
 11029 | Lair:3   | 11029 ||| SWAPPING to +0 flail.
 11036 | Lair:3   | Killed a seven-headed hydra
 11037 | Lair:3   | 11037 ||| SWAPPING to +2 broad axe of electrocution.
 11402 | Lair:3   | 11402 ||| Stepping ~*~*~tactically~*~*~ (stealth).
 11407 | Lair:3   | 11407 ||| INVOKING Heroism.
 11410 | Lair:3   | Noticed a death yak
 11410 | Lair:3   | 11410 ||| INVOKING Finesse.
 11427 | Lair:3   | Killed a death yak
 11427 | Lair:3   | Received a gift from Okawaru
 11477 | Lair:3   | Identified the +7 whip "Keoblot" {vorpal, Will+ Str+4}
 11479 | Lair:3   | 11479 ||| DROPPING +0 flail.
 11657 | Lair:3   | 11657 ||| UPGRADING to +1 plate armour of poison
                  | resistance.
 11667 | Lair:3   | 11667 ||| DROPPING +2 ring mail of Gozag's Grace {Slay+5}.
 11721 | Lair:4   | Noticed a catoblepas
 11722 | Lair:4   | 11722 ||| INVOKING Heroism.
 11723 | Lair:4   | 11723 ||| INVOKING Finesse.
 11725 | Lair:4   | 11725 ||| STAIRDANCE
 11771 | Lair:4   | 11771 ||| INVOKING Heroism.
 11772 | Lair:4   | 11772 ||| INVOKING Finesse.
 11782 | Lair:4   | Killed a catoblepas
 11785 | Lair:4   | Reached skill level 6 in Armour
 11794 | Lair:4   | Identified the +0 chain mail of Okawaru {+Blink Dex+2}
                  | (Okawaru gifted it to you on level 4 of the Lair of Beasts)
 11794 | Lair:4   | Received a gift from Okawaru
 11935 | Lair:4   | Noticed a death yak
 11936 | Lair:4   | 11936 ||| INVOKING Heroism.
 11937 | Lair:4   | 11937 ||| INVOKING Finesse.
 11938 | Lair:4   | Noticed a death yak
 11948 | Lair:4   | Killed a death yak
 11952 | Lair:4   | Noticed a death yak
 11952 | Lair:4   | Noticed a death yak
 11958 | Lair:4   | Killed a death yak
 11961 | Lair:4   | Noticed Urug
 11971 | Lair:4   | Killed a death yak
 11974 | Lair:4   | Reached skill level 9 in Armour
 11976 | Lair:4   | Killed a death yak
 11986 | Lair:4   | Killed Urug
 12151 | Lair:4   | 12151 ||| Stepping ~*~*~tactically~*~*~ (stealth).
 12154 | Lair:4   | 12154 ||| Stepping ~*~*~tactically~*~*~ (stealth).
 12160 | Lair:4   | Reached XP level 13. HP: 76/82 MP: 20/20
 12189 | Lair:4   | 12189 ||| Stepping ~*~*~tactically~*~*~ (stealth).
 12233 | Lair:4   | 12233 ||| Stepping ~*~*~tactically~*~*~ (hiding).
 12490 | Lair:4   | Found a runed translucent door.
 12491 | Lair:4   | Noticed an azure jelly
 12492 | Lair:4   | Found a staircase to the Slime Pits.
 12492 | Lair:4   | Noticed an azure jelly
 12553 | Lair:4   | 12553 ||| INVOKING Heroism.
 12910 | Lair:4   | 12910 ||| DROPPING +0 chain mail of Okawaru {+Blink Dex+2}.
 12911 | Lair:4   | 12911 ||| DROPPING +6 ring of intelligence.
 12922 | Lair:5   | Entered Level 5 of the Lair of Beasts
 12923 | Lair:5   | 12923 ||| STAIRDANCE
 12925 | Lair:4   | 12925 ||| INVOKING Heroism.
 12926 | Lair:4   | 12926 ||| INVOKING Finesse.
 12972 | Lair:5   | 12972 ||| STAIRDANCE
 13028 | Lair:5   | 13028 ||| STAIRDANCE
 13090 | Lair:5   | 13090 ||| READING scroll of enchant weapon.
 13090 | Lair:5   | 13090 ||| ENCHANTING +2 broad axe of electrocution.
 13098 | Lair:5   | 13098 ||| INVOKING Heroism.
 13124 | Lair:5   | Identified the +1 cloak of Ninkuuc {-Tele Will+ Slay+4}
                  | (Okawaru gifted it to you on level 5 of the Lair of Beasts)
 13124 | Lair:5   | Received a gift from Okawaru
 13132 | Lair:5   | 13132 ||| INVOKING Finesse.
 13154 | Lair:5   | 13154 ||| INVOKING Heroism.
 13309 | Lair:5   | 13309 ||| Stepping ~*~*~tactically~*~*~ (stealth).
 13310 | Lair:5   | 13310 ||| Stepping ~*~*~tactically~*~*~ (stealth).
 13313 | Lair:5   | 13313 ||| Stepping ~*~*~tactically~*~*~ (stealth).
 13314 | Lair:5   | 13314 ||| Stepping ~*~*~tactically~*~*~ (stealth).
 13316 | Lair:5   | 13316 ||| INVOKING Heroism.
 13317 | Lair:5   | 13317 ||| INVOKING Finesse.
 13323 | Lair:5   | 13323 ||| SWAPPING to +7 whip "Keoblot" {vorpal, Will+
                  | Str+4}.
 13324 | Lair:5   | 13324 ||| Stepping ~*~*~tactically~*~*~ (stealth).
 13325 | Lair:5   | 13325 ||| SWAPPING to +3 broad axe of electrocution.
 13326 | Lair:5   | 13326 ||| SWAPPING to +7 whip "Keoblot" {vorpal, Will+
                  | Str+4}.
 13346 | Lair:5   | 13346 ||| SWAPPING to +3 broad axe of electrocution.
 13350 | Lair:5   | 13350 ||| Stepping ~*~*~tactically~*~*~ (stealth).
 13454 | Lair:5   | Reached skill level 7 in Shields
 13508 | Lair:5   | 13508 ||| Stepping ~*~*~tactically~*~*~ (stealth).
 13510 | Lair:5   | 13510 ||| INVOKING Heroism.
 13526 | Lair:5   | 13526 ||| Stepping ~*~*~tactically~*~*~ (stealth).
 13529 | Lair:5   | 13529 ||| Stepping ~*~*~tactically~*~*~ (stealth).
 13650 | Lair:5   | 13650 ||| INVOKING Heroism.
 13698 | Lair:5   | 13698 ||| INVOKING Heroism.
 13699 | Lair:5   | 13699 ||| INVOKING Finesse.
 13701 | Lair:5   | 13701 ||| SWAPPING to +7 whip "Keoblot" {vorpal, Will+
                  | Str+4}.
 13713 | Lair:5   | 13713 ||| SWAPPING to +3 broad axe of electrocution.
 13862 | Lair:5   | 13862 ||| Stepping ~*~*~tactically~*~*~ (stealth).
 14011 | Lair:5   | 14011 ||| INVOKING Heroism.
 14016 | Lair:5   | Gained mutation: Your large and strong wings let you fly.
                  | [Gargoyle growth]
 14016 | Lair:5   | Reached XP level 14. HP: 90/90 MP: 18/21
 14026 | Lair:5   | 14026 ||| Stepping ~*~*~tactically~*~*~ (stealth).
 14066 | Lair:5   | 14066 ||| Stepping ~*~*~tactically~*~*~ (stealth).
 14073 | Lair:5   | 14073 ||| INVOKING Heroism.
 14076 | Lair:5   | Reached skill level 15 in Axes
 14080 | Lair:5   | Received a gift from Okawaru
 14142 | Lair:5   | 14142 ||| INVOKING Heroism.
 14235 | Lair:5   | 14235 ||| Stepping ~*~*~tactically~*~*~ (hiding).
 14251 | Lair:5   | 14251 ||| INVOKING Heroism.
 14399 | Lair:5   | 14399 ||| INVOKING Heroism.
 14443 | Lair:5   | 14443 ||| Stepping ~*~*~tactically~*~*~ (hiding).
 14446 | Lair:5   | 14446 ||| INVOKING Heroism.
 14635 | Lair:5   | 14635 ||| INVOKING Heroism.
 14694 | Lair:5   | 14694 ||| Stepping ~*~*~tactically~*~*~ (hiding).
 14737 | Lair:5   | 14737 ||| Stepping ~*~*~tactically~*~*~ (stealth).
 15090 | Lair:5   | 15090 ||| Stepping ~*~*~tactically~*~*~ (stealth).
 15136 | Lair:5   | 15136 ||| PLANNING D:1-11
 15136 | Lair:5   | 15136 ||| UPGRADING to +0 cloak.
 15141 | Lair:5   | 15141 ||| DROPPING +0 pair of boots of stealth.
 15142 | Lair:5   | 15142 ||| UPGRADING to +4 ring of protection.
 15143 | Lair:5   | 15143 ||| READING 2 scrolls labelled FURRIQ WEM.
 15144 | Lair:5   | 15144 ||| READING 5 scrolls of identify.
 15144 | Lair:5   | 15144 ||| IDENTIFYING fuming dark potion
 15145 | Lair:5   | 15145 ||| DROPPING scroll of vulnerability.
 15146 | Lair:5   | 15146 ||| DROPPING potion of brilliance.
 15363 | D:9      | 15363 ||| Stepping ~*~*~tactically~*~*~ (hiding).
 15498 | D:9      | 15498 ||| Stepping ~*~*~tactically~*~*~ (stealth).
 15499 | D:9      | 15499 ||| Stepping ~*~*~tactically~*~*~ (hiding).
 15505 | D:9      | Noticed Maurice
 15506 | D:9      | 15506 ||| Stepping ~*~*~tactically~*~*~ (stealth).
 15507 | D:9      | 15507 ||| Stepping ~*~*~tactically~*~*~ (stealth).
 15512 | D:9      | 15512 ||| Stepping ~*~*~tactically~*~*~ (stealth).
 15553 | D:9      | Killed Maurice
 15556 | D:9      | Found a runed translucent door.
 15563 | D:9      | Noticed qw's ghost (journeyman GrFi)
 15583 | D:9      | 15583 ||| Stepping ~*~*~tactically~*~*~ (stealth).
 15588 | D:9      | 15588 ||| INVOKING Heroism.
 15620 | D:9      | Noticed Pikel
 15622 | D:9      | 15622 ||| INVOKING Heroism.
 15628 | D:9      | Killed Pikel
 15674 | D:9      | Identified the +1 leather armour of Imimanoh {rF+ Str+2}
 15715 | D:9      | 15715 ||| INVOKING Heroism.
 15734 | D:9      | Reached skill level 12 in Fighting
 15745 | D:9      | 15745 ||| DROPPING +7 whip "Keoblot" {vorpal, Will+ Str+4}.
 16182 | D:9      | 16182 ||| UPGRADING to +2 cloak of stealth.
 16192 | D:9      | 16192 ||| DROPPING +0 cloak.
 16225 | D:10     | Entered Level 10 of the Dungeon
 16272 | D:10     | 16272 ||| Stepping ~*~*~tactically~*~*~ (stealth).
 16274 | D:10     | 16274 ||| Stepping ~*~*~tactically~*~*~ (hiding).
 16284 | D:10     | 16284 ||| Stepping ~*~*~tactically~*~*~ (hiding).
 16285 | D:10     | 16285 ||| Stepping ~*~*~tactically~*~*~ (hiding).
 16443 | D:10     | 16443 ||| Stepping ~*~*~tactically~*~*~ (hiding).
 16444 | D:10     | 16444 ||| Stepping ~*~*~tactically~*~*~ (hiding).
 16493 | D:10     | 16493 ||| Stepping ~*~*~tactically~*~*~ (hiding).
 16649 | D:10     | Found Civvacs's Hydra Hut.
 16656 | D:10     | 16656 ||| BUYING +0 hand axe of flaming (74 gold).
 16656 | D:10     | Bought a +0 hand axe of flaming for 74 gold pieces
 16656 | D:10     | 16656 ||| DROPPING +0 morningstar.
 16705 | D:10     | 16705 ||| INVOKING Heroism.
 16708 | D:10     | Found a staircase to the Orcish Mines.
 16827 | D:10     | Found a glowing golden altar of the Shining One.
 17044 | D:10     | 17044 ||| Stepping ~*~*~tactically~*~*~ (hiding).
 17045 | D:10     | 17045 ||| Stepping ~*~*~tactically~*~*~ (hiding).
 17164 | D:10     | Found a burning altar of Makhleb.
 17459 | D:10     | 17459 ||| UPGRADING to ring of protection from cold.
 17493 | D:11     | You are sucked into a shaft and drop 1 floor!
 17516 | D:11     | Found a white marble altar of Elyvilon.
 17578 | D:11     | Noticed Harold
 17579 | D:11     | 17579 ||| Stepping ~*~*~tactically~*~*~ (hiding).
 17592 | D:11     | Killed Harold
 17592 | D:11     | Received a gift from Okawaru
 17668 | D:11     | 17668 ||| Stepping ~*~*~tactically~*~*~ (hiding).
 17872 | D:11     | 17872 ||| INVOKING Heroism.
 17873 | D:11     | 17873 ||| INVOKING Finesse.
 17970 | D:11     | 17970 ||| INVOKING Heroism.
 17971 | D:11     | 17971 ||| INVOKING Finesse.
 17980 | D:11     | Reached skill level 12 in Armour
 18035 | D:11     | Received a gift from Okawaru
 18103 | D:11     | 18103 ||| INVOKING Heroism.
 18104 | D:11     | 18104 ||| INVOKING Finesse.
 18228 | D:11     | 18228 ||| Stepping ~*~*~tactically~*~*~ (hiding).
 18540 | D:11     | 18540 ||| DROPPING orb of light.
 18595 | D:11     | 18595 ||| PLANNING D
 18616 | D:12     | 18616 ||| Stepping ~*~*~tactically~*~*~ (stealth).
 18629 | D:12     | 18629 ||| Stepping ~*~*~tactically~*~*~ (stealth).
 18632 | D:12     | 18632 ||| Stepping ~*~*~tactically~*~*~ (stealth).
 18633 | D:12     | 18633 ||| Stepping ~*~*~tactically~*~*~ (stealth).
 18636 | D:12     | 18636 ||| INVOKING Heroism.
 18687 | D:12     | 18687 ||| FLEEEEING.
 18692 | D:12     | 18692 ||| STAIRDANCE
 18824 | D:12     | Reached skill level 6 in Throwing
 18825 | D:12     | 18825 ||| INVOKING Heroism.
 18835 | D:12     | Received a gift from Okawaru
 18882 | D:12     | 18882 ||| Stepping ~*~*~tactically~*~*~ (hiding).
 18926 | D:12     | Found Idaycinu's Book Shop.
 18952 | D:12     | 18952 ||| INVOKING Heroism.
 18958 | D:12     | 18958 ||| READING 14 scrolls of teleportation.
 19097 | D:12     | 19097 ||| INVOKING Heroism.
 19118 | D:12     | 19118 ||| Stepping ~*~*~tactically~*~*~ (stealth).
 19133 | D:12     | 19133 ||| INVOKING Heroism.
 19470 | D:13     | Reached XP level 15. HP: 79/96 MP: 22/22
 19482 | D:13     | 19482 ||| FLEEEEING.
 19483 | D:13     | 19483 ||| STAIRDANCE
 19525 | D:13     | 19525 ||| STAIRDANCE
 19606 | D:13     | 19606 ||| INVOKING Heroism.
 19629 | D:13     | Received a gift from Okawaru
 19642 | D:13     | 19642 ||| INVOKING Finesse.
 19644 | D:13     | Reached skill level 8 in Shields
 19890 | D:13     | Reached skill level 3 in Dodging
 20586 | D:14     | 20586 ||| INVOKING Heroism.
 20629 | D:14     | Identified the +1 cloak of the Ward {Str+4 Int+4}
 20640 | D:14     | 20640 ||| Stepping ~*~*~tactically~*~*~ (hiding).
 20645 | D:14     | 20645 ||| Stepping ~*~*~tactically~*~*~ (stealth).
 20651 | D:14     | Found a gate to the Vaults.
 20657 | D:14     | 20657 ||| INVOKING Heroism.
 20892 | D:14     | 20892 ||| INVOKING Heroism.
 20893 | D:14     | 20893 ||| Stepping ~*~*~tactically~*~*~ (hiding).
 20894 | D:14     | 20894 ||| Stepping ~*~*~tactically~*~*~ (hiding).
 20924 | D:14     | HP: 24/96 [skeletal warrior/+1 vampiric trident (13)]
 20925 | D:14     | 20925 ||| READING 13 scrolls of teleportation.
 20925 | D:14     | HP: 11/96 [skeletal warrior/+1 vampiric trident (13)]
 20926 | D:14     | 20926 ||| DRINKING 5 potions of heal wounds.
 20931 | D:14     | Found an iron altar of Okawaru.
 21163 | D:14     | 21163 ||| Stepping ~*~*~tactically~*~*~ (hiding).
 21174 | D:14     | 21174 ||| INVOKING Heroism.
 21183 | D:14     | Received a gift from Okawaru
 21287 | D:14     | Noticed Louise
 21288 | D:14     | 21288 ||| INVOKING Heroism.
 21289 | D:14     | 21289 ||| INVOKING Finesse.
 21310 | D:14     | Killed Louise
 21491 | D:14     | 21491 ||| Stepping ~*~*~tactically~*~*~ (hiding).
 21560 | D:14     | 21560 ||| INVOKING Heroism.
 21676 | D:14     | 21676 ||| READING scroll of enchant weapon.
 21676 | D:14     | 21676 ||| ENCHANTING +3 broad axe of electrocution.
 21864 | D:14     | 21864 ||| UPGRADING to +1 cloak of the Ward {Str+4 Int+4}.
 21874 | D:14     | 21874 ||| DROPPING +2 cloak of stealth.
 21875 | D:14     | 21875 ||| UPGRADING to +0 tower shield.
 21885 | D:14     | 21885 ||| DROPPING +0 buckler.
 21886 | D:14     | 21886 ||| DROPPING +1 pair of boots of stealth.
 21887 | D:14     | 21887 ||| DROPPING +2 hat.
 21888 | D:14     | 21888 ||| READING scroll labelled PAXZIT UTHAO.
 22008 | D:15     | Entered Level 15 of the Dungeon
 22071 | D:15     | 22071 ||| Stepping ~*~*~tactically~*~*~ (hiding).
 22076 | D:15     | 22076 ||| INVOKING Heroism.
 22091 | D:15     | 22091 ||| DROPPING +0 hand axe of flaming.
 22130 | D:15     | 22130 ||| INVOKING Heroism.
 22133 | D:15     | 22133 ||| Stepping ~*~*~tactically~*~*~ (stealth).
 22155 | D:15     | Reached skill level 9 in Shields
 22169 | D:15     | 22169 ||| INVOKING Heroism.
 22329 | D:15     | 22329 ||| Stepping ~*~*~tactically~*~*~ (stealth).
 22339 | D:15     | Found a staircase to the Depths.
 22558 | D:15     | Found a hazy altar of Hepliaklqana.
 22745 | D:15     | 22745 ||| Stepping ~*~*~tactically~*~*~ (hiding).
 22840 | D:15     | 22840 ||| Stepping ~*~*~tactically~*~*~ (stealth).
 22844 | D:15     | 22844 ||| Stepping ~*~*~tactically~*~*~ (stealth).
 22845 | D:15     | 22845 ||| INVOKING Heroism.
 22851 | D:15     | Reached skill level 10 in Shields
 22963 | D:15     | 22963 ||| READING scroll of enchant armour.
 22963 | D:15     | 22963 ||| ENCHANTING +0 helmet.
 23077 | D:15     | 23077 ||| Stepping ~*~*~tactically~*~*~ (stealth).
 23192 | D:15     | 23192 ||| PLANNING ORC
 23340 | Orc:1    | Entered Level 1 of the Orcish Mines
 23410 | Orc:1    | 23410 ||| Stepping ~*~*~tactically~*~*~ (hiding).
 23421 | Orc:1    | 23421 ||| Stepping ~*~*~tactically~*~*~ (hiding).
 23457 | Orc:1    | 23457 ||| Stepping ~*~*~tactically~*~*~ (hiding).
 23615 | Orc:2    | Entered Level 2 of the Orcish Mines
 23637 | Orc:2    | 23637 ||| INVOKING Heroism.
 23823 | Orc:2    | 23823 ||| Stepping ~*~*~tactically~*~*~ (hiding).
 23826 | Orc:2    | 23826 ||| INVOKING Heroism.
 23850 | Orc:2    | 23850 ||| Stepping ~*~*~tactically~*~*~ (stealth).
 23851 | Orc:2    | 23851 ||| Stepping ~*~*~tactically~*~*~ (stealth).
 23852 | Orc:2    | 23852 ||| Stepping ~*~*~tactically~*~*~ (stealth).
 23908 | Orc:2    | 23908 ||| Stepping ~*~*~tactically~*~*~ (hiding).
 23938 | Orc:2    | 23938 ||| Stepping ~*~*~tactically~*~*~ (stealth).
 23943 | Orc:2    | 23943 ||| STAIRDANCE
 23988 | Orc:1    | 23988 ||| Stepping ~*~*~tactically~*~*~ (hiding).
 23989 | Orc:1    | 23989 ||| INVOKING Heroism.
 24501 | Orc:2    | Found a staircase to the Elven Halls.
 24672 | Orc:2    | 24672 ||| Stepping ~*~*~tactically~*~*~ (hiding).
 24676 | Orc:2    | 24676 ||| INVOKING Heroism.
 24683 | Orc:2    | 24683 ||| Stepping ~*~*~tactically~*~*~ (stealth).
 24691 | Orc:2    | Reached skill level 11 in Shields
 24694 | Orc:2    | 24694 ||| Stepping ~*~*~tactically~*~*~ (stealth).
 24713 | Orc:2    | 24713 ||| Stepping ~*~*~tactically~*~*~ (stealth).
 24744 | Orc:2    | 24744 ||| INVOKING Heroism.
 24765 | Orc:2    | 24765 ||| Stepping ~*~*~tactically~*~*~ (stealth).
 24766 | Orc:2    | 24766 ||| Stepping ~*~*~tactically~*~*~ (stealth).
 24795 | Orc:2    | 24795 ||| INVOKING Heroism.
 24797 | Orc:2    | Identified the +6 war axe of Esaun {speed, rC+++ Will-
                  | rCorr Dex+5} (Okawaru gifted it to you on level 2 of the
                  | Orcish Mines)
 24797 | Orc:2    | Received a gift from Okawaru
 24879 | Orc:2    | 24879 ||| SWAPPING to +6 war axe of Esaun {speed, rC+++
                  | Will- rCorr Dex+5}.
 24880 | Orc:2    | 24880 ||| REMOVING ring of protection from cold.
 24930 | Orc:2    | 24930 ||| Stepping ~*~*~tactically~*~*~ (stealth).
 24931 | Orc:2    | 24931 ||| Stepping ~*~*~tactically~*~*~ (stealth).
 24933 | Orc:2    | 24933 ||| Stepping ~*~*~tactically~*~*~ (stealth).
 24934 | Orc:2    | 24934 ||| Stepping ~*~*~tactically~*~*~ (stealth).
 24935 | Orc:2    | 24935 ||| Stepping ~*~*~tactically~*~*~ (stealth).
 24936 | Orc:2    | 24936 ||| Stepping ~*~*~tactically~*~*~ (stealth).
 24937 | Orc:2    | 24937 ||| Stepping ~*~*~tactically~*~*~ (stealth).
 24964 | Orc:2    | Found Woskule's Antique Weapon Boutique.
 24965 | Orc:2    | 24965 ||| INVOKING Heroism.
 24992 | Orc:2    | Found Ylehevi's Weapon Emporium.
 25000 | Orc:2    | 25000 ||| INVOKING Heroism.
 25001 | Orc:2    | 25001 ||| DRINKING 13 potions of curing.
 25001 | Orc:2    | 25001 ||| (to cure confusion)
 25005 | Orc:2    | Reached XP level 16. HP: 85/101 MP: 20/23
 25150 | Orc:2    | 25150 ||| Stepping ~*~*~tactically~*~*~ (stealth).
 25152 | Orc:2    | 25152 ||| INVOKING Heroism.
 25344 | Orc:2    | Found Gamic's Distillery.
 25345 | Orc:2    | 25345 ||| INVOKING Heroism.
 25363 | Orc:2    | Reached skill level 12 in Shields
 25403 | Orc:2    | 25403 ||| BUYING potion of curing (45 gold).
 25403 | Orc:2    | Bought a potion of curing for 45 gold pieces
 25403 | Orc:2    | 25403 ||| BUYING potion of curing (45 gold).
 25403 | Orc:2    | Bought a potion of curing for 45 gold pieces
 25403 | Orc:2    | 25403 ||| BUYING potion of lignification (45 gold).
 25403 | Orc:2    | Bought a potion of lignification for 45 gold pieces
 25403 | Orc:2    | 25403 ||| BUYING potion of lignification (45 gold).
 25403 | Orc:2    | Bought a potion of lignification for 45 gold pieces
 25403 | Orc:2    | 25403 ||| BUYING potion of lignification (45 gold).
 25403 | Orc:2    | Bought a potion of lignification for 45 gold pieces
 25408 | Orc:2    | Found Soggee Miek's Assorted Antiques.
 25409 | Orc:2    | 25409 ||| INVOKING Heroism.
 25442 | Orc:2    | 25442 ||| BUYING potion of magic (176 gold).
 25442 | Orc:2    | Bought a potion of magic for 176 gold pieces
 25442 | Orc:2    | 25442 ||| BUYING potion of resistance (220 gold).
 25442 | Orc:2    | Bought a potion of resistance for 220 gold pieces
 25442 | Orc:2    | 25442 ||| BUYING scroll of teleportation (66 gold).
 25442 | Orc:2    | Bought a scroll of teleportation for 66 gold pieces
 25532 | Orc:2    | 25532 ||| PLANNING SNAKE:1-3
 25532 | Orc:2    | 25532 ||| UPGRADING to ring of fire.
 25740 | Snake:1  | Entered Level 1 of the Snake Pit
 25753 | Snake:1  | 25753 ||| Stepping ~*~*~tactically~*~*~ (hiding).
 25762 | Snake:1  | 25762 ||| INVOKING Heroism.
 25890 | Snake:1  | 25890 ||| Stepping ~*~*~tactically~*~*~ (hiding).
 25928 | Snake:1  | 25928 ||| Stepping ~*~*~tactically~*~*~ (hiding).
 25964 | Snake:1  | 25964 ||| Stepping ~*~*~tactically~*~*~ (hiding).
 25966 | Snake:1  | 25966 ||| Stepping ~*~*~tactically~*~*~ (hiding).
 26357 | Snake:2  | Noticed a nagaraja
 26358 | Snake:2  | 26358 ||| INVOKING Heroism.
 26364 | Snake:2  | Killed a nagaraja
 26365 | Snake:2  | Reached skill level 13 in Shields
 26421 | Snake:2  | 26421 ||| INVOKING Heroism.
 26448 | Snake:2  | 26448 ||| Stepping ~*~*~tactically~*~*~ (hiding).
 26449 | Snake:2  | 26449 ||| Stepping ~*~*~tactically~*~*~ (hiding).
 26544 | Snake:2  | 26544 ||| Stepping ~*~*~tactically~*~*~ (stealth).
 26545 | Snake:2  | 26545 ||| Stepping ~*~*~tactically~*~*~ (stealth).
 26546 | Snake:2  | 26546 ||| Stepping ~*~*~tactically~*~*~ (stealth).
 26547 | Snake:2  | 26547 ||| Stepping ~*~*~tactically~*~*~ (stealth).
 26548 | Snake:2  | 26548 ||| Stepping ~*~*~tactically~*~*~ (stealth).
 26549 | Snake:2  | 26549 ||| Stepping ~*~*~tactically~*~*~ (stealth).
 26600 | Snake:2  | Reached ****** piety under Okawaru
 26622 | Snake:2  | 26622 ||| Stepping ~*~*~tactically~*~*~ (hiding).
 26636 | Snake:2  | 26636 ||| Stepping ~*~*~tactically~*~*~ (hiding).
 26638 | Snake:2  | 26638 ||| Stepping ~*~*~tactically~*~*~ (hiding).
 26639 | Snake:2  | 26639 ||| INVOKING Heroism.
 26659 | Snake:2  | Received a gift from Okawaru
 26661 | Snake:2  | Reached skill level 14 in Shields
 26669 | Snake:2  | 26669 ||| INVOKING Heroism.
 26821 | Snake:2  | 26821 ||| Stepping ~*~*~tactically~*~*~ (hiding).
 26826 | Snake:2  | 26826 ||| INVOKING Heroism.
 26868 | Snake:2  | 26868 ||| Stepping ~*~*~tactically~*~*~ (hiding).
 26874 | Snake:2  | 26874 ||| INVOKING Heroism.
 27249 | Snake:2  | 27249 ||| Stepping ~*~*~tactically~*~*~ (stealth).
 27446 | Snake:3  | 27446 ||| INVOKING Heroism.
 27461 | Snake:3  | Reached skill level 15 in Shields
 27462 | Snake:3  | HP: 24/101 [salamander/+2 trident (5)]
 27463 | Snake:3  | 27463 ||| READING 14 scrolls of teleportation.
 27464 | Snake:3  | 27464 ||| DRINKING 4 potions of heal wounds.
 27609 | Snake:3  | 27609 ||| INVOKING Heroism.
 27611 | Snake:3  | 27611 ||| Stepping ~*~*~tactically~*~*~ (hiding).
 27801 | Snake:3  | 27801 ||| Stepping ~*~*~tactically~*~*~ (hiding).
 27804 | Snake:3  | 27804 ||| Stepping ~*~*~tactically~*~*~ (hiding).
 27814 | Snake:3  | 27814 ||| Stepping ~*~*~tactically~*~*~ (hiding).
 27819 | Snake:3  | 27819 ||| Stepping ~*~*~tactically~*~*~ (hiding).
 27820 | Snake:3  | 27820 ||| Stepping ~*~*~tactically~*~*~ (hiding).
 27823 | Snake:3  | 27823 ||| INVOKING Heroism.
 27977 | Snake:3  | 27977 ||| INVOKING Heroism.
 27982 | Snake:3  | Reached skill level 16 in Shields
 28009 | Snake:3  | 28009 ||| Stepping ~*~*~tactically~*~*~ (hiding).
 28024 | Snake:3  | Received a gift from Okawaru
 28034 | Snake:3  | Reached XP level 17. HP: 30/106 MP: 24/24
 28034 | Snake:3  | HP: 22/106 [salamander/+0 halberd (5)]
 28035 | Snake:3  | 28035 ||| READING 13 scrolls of teleportation.
 28036 | Snake:3  | 28036 ||| DRINKING 4 potions of heal wounds.
 28285 | Snake:3  | 28285 ||| INVOKING Heroism.
 28334 | Snake:3  | 28334 ||| Stepping ~*~*~tactically~*~*~ (hiding).
 28335 | Snake:3  | 28335 ||| Stepping ~*~*~tactically~*~*~ (hiding).
 28415 | Snake:3  | 28415 ||| Stepping ~*~*~tactically~*~*~ (hiding).
 28417 | Snake:3  | 28417 ||| Stepping ~*~*~tactically~*~*~ (hiding).
 28698 | Snake:3  | 28698 ||| INVOKING Heroism.
 28707 | Snake:3  | Reached skill level 17 in Shields
 29080 | Snake:3  | 29080 ||| PLANNING SWAMP:1-3
 29199 | Swamp:1  | Entered Level 1 of the Swamp
 29201 | Swamp:1  | 29201 ||| INVOKING Heroism.
 29414 | Swamp:1  | 29414 ||| INVOKING Heroism.
 29588 | Swamp:1  | Found a runed translucent gate.
 29588 | Swamp:1  | Found a runed translucent gate.
 29588 | Swamp:1  | Found a runed translucent gate.
 29601 | Swamp:1  | Noticed qw's ghost (adept GrFi)
 29629 | Swamp:1  | 29629 ||| INVOKING Heroism.
 29637 | Swamp:1  | Identified the +3 lajatang of the Impish God {antimagic,
                  | rN++ Str-3} (Okawaru gifted it to you on level 1 of the
                  | Swamp)
 29637 | Swamp:1  | Received a gift from Okawaru
 29697 | Swamp:1  | 29697 ||| Stepping ~*~*~tactically~*~*~ (hiding).
 29698 | Swamp:1  | 29698 ||| Stepping ~*~*~tactically~*~*~ (hiding).
 29874 | Swamp:1  | 29874 ||| Stepping ~*~*~tactically~*~*~ (hiding).
 29885 | Swamp:1  | 29885 ||| Stepping ~*~*~tactically~*~*~ (hiding).
 30041 | Swamp:1  | 30041 ||| INVOKING Heroism.
 30068 | Swamp:1  | 30068 ||| Stepping ~*~*~tactically~*~*~ (hiding).
 30087 | Swamp:1  | 30087 ||| INVOKING Heroism.
 30217 | Swamp:2  | 30217 ||| INVOKING Heroism.
 30305 | Swamp:2  | 30305 ||| INVOKING Heroism.
 30327 | Swamp:2  | 30327 ||| Stepping ~*~*~tactically~*~*~ (hiding).
 30386 | Swamp:2  | 30386 ||| INVOKING Heroism.
 30388 | Swamp:2  | 30388 ||| SWAPPING to +2 hand axe of flaming.
 30389 | Swamp:2  | 30389 ||| REMOVING ring of fire.
 30398 | Swamp:2  | 30398 ||| SWAPPING to +6 war axe of Esaun {speed, rC+++
                  | Will- rCorr Dex+5}.
 30434 | Swamp:2  | Noticed Kirke
 30436 | Swamp:2  | 30436 ||| INVOKING Heroism.
 30442 | Swamp:2  | Received a gift from Okawaru
 30462 | Swamp:2  | Killed Kirke
 30635 | Swamp:2  | 30635 ||| INVOKING Heroism.
 30726 | Swamp:2  | 30726 ||| INVOKING Heroism.
 30733 | Swamp:2  | 30733 ||| SWAPPING to +2 hand axe of flaming.
 30741 | Swamp:2  | 30741 ||| SWAPPING to +6 war axe of Esaun {speed, rC+++
                  | Will- rCorr Dex+5}.
 31033 | Swamp:2  | 31033 ||| Stepping ~*~*~tactically~*~*~ (hiding).
 31034 | Swamp:2  | 31034 ||| Stepping ~*~*~tactically~*~*~ (hiding).
 31044 | Swamp:2  | 31044 ||| INVOKING Heroism.
 31130 | Swamp:2  | Identified the +2 leather armour of Death's Door {Rampage
                  | rF- Will+ SInv}
 31132 | Swamp:2  | Identified the amulet "Fegronan" {Regen+ Int+5}
 31173 | Swamp:2  | 31173 ||| Stepping ~*~*~tactically~*~*~ (hiding).
 31352 | Swamp:2  | 31352 ||| UPGRADING to +3 plate armour of fire resistance.
 31362 | Swamp:2  | 31362 ||| DROPPING +1 plate armour of poison resistance.
 31363 | Swamp:2  | 31363 ||| DROPPING amulet "Qiofenui" {Faith -Tele Rampage
                  | Slay+4}.
 31364 | Swamp:2  | 31364 ||| UPGRADING to amulet "Fegronan" {Regen+ Int+5}.
 31369 | Swamp:2  | 31369 ||| UPGRADING to ring of fire.
 31370 | Swamp:2  | 31370 ||| UPGRADING to ring of protection from fire.
 31406 | Swamp:3  | 31406 ||| STAIRDANCE
 31422 | Swamp:3  | 31422 ||| Stepping ~*~*~tactically~*~*~ (hiding).
 31424 | Swamp:3  | 31424 ||| SWAPPING to +2 hand axe of flaming.
 31430 | Swamp:3  | 31430 ||| INVOKING Heroism.
 31435 | Swamp:3  | 31435 ||| SWAPPING to +6 war axe of Esaun {speed, rC+++
                  | Will- rCorr Dex+5}.
 31440 | Swamp:3  | 31440 ||| Stepping ~*~*~tactically~*~*~ (cloud).
 31484 | Swamp:3  | 31484 ||| READING scroll of enchant armour.
 31484 | Swamp:3  | 31484 ||| ENCHANTING +3 plate armour of fire resistance.
 31505 | Swamp:3  | 31505 ||| Stepping ~*~*~tactically~*~*~ (hiding).
 31508 | Swamp:3  | 31508 ||| INVOKING Heroism.
 31547 | Swamp:3  | 31547 ||| SWAPPING to +2 hand axe of flaming.
 31548 | Swamp:3  | 31548 ||| INVOKING Heroism.
 31557 | Swamp:3  | 31557 ||| SWAPPING to +6 war axe of Esaun {speed, rC+++
                  | Will- rCorr Dex+5}.
 31564 | Swamp:3  | 31564 ||| Stepping ~*~*~tactically~*~*~ (stealth).
 31579 | Swamp:3  | 31579 ||| Stepping ~*~*~tactically~*~*~ (hiding).
 31589 | Swamp:3  | 31589 ||| INVOKING Heroism.
 31635 | Swamp:3  | 31635 ||| SWAPPING to +2 hand axe of flaming.
 31643 | Swamp:3  | 31643 ||| SWAPPING to +6 war axe of Esaun {speed, rC+++
                  | Will- rCorr Dex+5}.
 31655 | Swamp:3  | 31655 ||| Stepping ~*~*~tactically~*~*~ (stealth).
 31657 | Swamp:3  | 31657 ||| Stepping ~*~*~tactically~*~*~ (hiding).
 31658 | Swamp:3  | 31658 ||| Stepping ~*~*~tactically~*~*~ (hiding).
 31678 | Swamp:3  | Reached skill level 18 in Shields
 31685 | Swamp:3  | 31685 ||| INVOKING Heroism.
 31795 | Swamp:3  | 31795 ||| Stepping ~*~*~tactically~*~*~ (hiding).
 31800 | Swamp:3  | 31800 ||| Stepping ~*~*~tactically~*~*~ (stealth).
 31803 | Swamp:3  | 31803 ||| Stepping ~*~*~tactically~*~*~ (stealth).
 31804 | Swamp:3  | 31804 ||| Stepping ~*~*~tactically~*~*~ (stealth).
 31805 | Swamp:3  | 31805 ||| Stepping ~*~*~tactically~*~*~ (stealth).
 31819 | Swamp:3  | 31819 ||| INVOKING Heroism.
 31820 | Swamp:3  | 31820 ||| SWAPPING to +2 hand axe of flaming.
 31828 | Swamp:3  | 31828 ||| SWAPPING to +6 war axe of Esaun {speed, rC+++
                  | Will- rCorr Dex+5}.
 31840 | Swamp:3  | 31840 ||| Stepping ~*~*~tactically~*~*~ (stealth).
 31842 | Swamp:3  | 31842 ||| INVOKING Heroism.
 31845 | Swamp:3  | 31845 ||| SWAPPING to +2 hand axe of flaming.
 31846 | Swamp:3  | 31846 ||| SWAPPING to +6 war axe of Esaun {speed, rC+++
                  | Will- rCorr Dex+5}.
 31848 | Swamp:3  | 31848 ||| SWAPPING to +2 hand axe of flaming.
 31849 | Swamp:3  | 31849 ||| SWAPPING to +6 war axe of Esaun {speed, rC+++
                  | Will- rCorr Dex+5}.
 31850 | Swamp:3  | 31850 ||| Stepping ~*~*~tactically~*~*~ (stealth).
 31851 | Swamp:3  | 31851 ||| SWAPPING to +2 hand axe of flaming.
 31853 | Swamp:3  | Reached XP level 18. HP: 116/116 MP: 23/25
 31853 | Swamp:3  | 31853 ||| SWAPPING to +6 war axe of Esaun {speed, rC+++
                  | Will- rCorr Dex+5}.
 31864 | Swamp:3  | 31864 ||| Stepping ~*~*~tactically~*~*~ (hiding).
 31965 | Swamp:3  | 31965 ||| DROPPING +2 hand axe of flaming.
 32016 | Swamp:3  | 32016 ||| INVOKING Heroism.
 32055 | Swamp:3  | 32055 ||| Stepping ~*~*~tactically~*~*~ (stealth).
 32056 | Swamp:3  | 32056 ||| Stepping ~*~*~tactically~*~*~ (stealth).
 32057 | Swamp:3  | 32057 ||| Stepping ~*~*~tactically~*~*~ (stealth).
 32289 | Swamp:3  | 32289 ||| READING scroll of enchant armour.
 32289 | Swamp:3  | 32289 ||| ENCHANTING +4 plate armour of fire resistance.
 32372 | Swamp:3  | 32372 ||| PLANNING SNAKE:4
 32486 | Snake:4  | Entered Level 4 of the Snake Pit
 32498 | Snake:4  | Found Ninaqake's Book Emporium.
 32540 | Snake:4  | Found Moowoj's Magic Scroll Shoppe.
 32548 | Snake:4  | 32548 ||| BUYING scroll of brand weapon (190 gold).
 32548 | Snake:4  | Bought a scroll of brand weapon for 190 gold pieces
 32548 | Snake:4  | 32548 ||| BUYING scroll of teleportation (60 gold).
 32548 | Snake:4  | Bought a scroll of teleportation for 60 gold pieces
 32565 | Snake:4  | 32565 ||| INVOKING Heroism.
 32623 | Snake:4  | 32623 ||| Stepping ~*~*~tactically~*~*~ (stealth).
 32634 | Snake:4  | Identified the +2 pair of boots "Siybrugi" {MP+9 Dex+2}
                  | (Okawaru gifted it to you on level 4 of the Snake Pit)
 32634 | Snake:4  | Received a gift from Okawaru
 32722 | Snake:4  | Found a shimmering altar of Xom.
 32755 | Snake:4  | 32755 ||| Stepping ~*~*~tactically~*~*~ (hiding).
 32760 | Snake:4  | 32760 ||| INVOKING Heroism.
 32937 | Snake:4  | 32937 ||| INVOKING Heroism.
 33107 | Snake:4  | 33107 ||| INVOKING Heroism.
 33158 | Snake:4  | Noticed Vashnia
 33176 | Snake:4  | Slain by a naga warrior

Levels and vault maps discovered:
D:1:      dpeg_arrival_connections, layout_basic, hangedman_feature_mirror,
          hex_intersection, nicolae_hexahallways, minmay_octomino_j4
D:2:      layout_basic, hellmonk_ecumenical_altar_lost_god
D:3:      layout_loops_ring, lemuel_doored_altar, serial_shops, shop_statue
D:4:      minmay_bubble_buster, layout_loops_corners, uniq_blork_the_orc,
          uniq_eustachio, uniq_menkaure, uniq_grinder
D:5:      layout_basic, minmay_temple_entry_waves, item_on_display_a,
          uniq_duvessa
D:6:      layout_layer_cave
D:7:      layout_cave_pools, kennysheep_generic_room_8
D:8:      layout_basic, nicolae_wu_jian_wuxing_cycle, erik_lair_dragon
D:9:      layout_irregular_city, ebering_ghost_reflecting_pool, minivault_22,
          uniq_maurice, uniq_pikel
D:10:     nicolae_cairo_tiling_large_dashed, layout_cave_pods,
          amcnicky_altar_gilded, general_overflow_altar, david_orc_2,
          doesnt_shop_hydraphobe
D:11:     layout_loops_corners, elyvilon_altar_4, uniq_harold
D:12:     layout_basic, serial_shops, shop, lightli_minifort
D:13:     layout_basic
D:14:     cheibrodos_wizards_tower, layout_loops_ring, david_vaults_2,
          okawaru_ov_weapons_minmay, uniq_louise
D:15:     gammafunk_enter_depths_forms, layout_loops_ring, serial_aquarium,
          aquarium_bridge_straight [aquarium_subvault_bridge,
          aquarium_subvault_wall, aquarium_subvault_bridge,
          aquarium_subvault_wall], aquarium_window_corridor_2,
          aquarium_window_fake, aquarium_view_2c, aquarium_view_2d,
          aquarium_balcony_3b, nicolae_hepliaklqana_monster_ancestors
Temple:   dpeg_three_leaves_temple
Lair:1:   layout_layer_cave, gammafunk_ghost_berserking_beasts,
          chequers_serial_rivers_room_b, chequers_serial_rivers_micro_b,
          grunt_megastairs_3, infiniplex_staircase_pool
Lair:2:   layout_regular_city
Lair:3:   nzn_winding_woodlands_stair_cross [nzn_winding_woodlands_5x15_parted,
          nzn_winding_woodlands_center_lodge,
          nzn_winding_woodlands_5x15_pathside_ponds,
          nzn_winding_woodlands_5x5_cross, nzn_winding_woodlands_hourglass,
          nzn_winding_woodlands_5x15_garden,
          nzn_winding_woodlands_center_garden,
          nzn_winding_woodlands_5x15_longhouse], layout_chaotic_city,
          minmay_swamp_entry_wisps, minmay_snake_entry_guardpost_small,
          serial_bayou_shore_b
Lair:4:   layout_regular_city, slime_entry_2, grunt_megastairs_5, uniq_urug
Lair:5:   hangedman_lair_caniforms_friends, layout_small_grid,
          hangedman_lair_tendril_chambers
Swamp:1:  layout_falls_marsh, gammafunk_ghost_necromancy,
          nicolae_swamp_well_well_well, infiniplex_staircase_pool_2
Swamp:2:  layout_basic_swamp, evilmike_swamp_ruin_rubble_1, swamp_pool2,
          worms_lemuel, uniq_kirke
Swamp:3:  layout_falls_marsh, evilmike_swamp_ruin_wall, st_swamp_ruins_4
Snake:1:  layout_misc_corridors
Snake:2:  layout_basic, nicolae_triple_integral
Snake:3:  nicolae_snake_unarmed_stairs_patrol, layout_grid_shapes, drop_trap,
          nicolae_snake_guarding_the_ruins, grunt_megastairs_2
Snake:4:  johnstein_snake_rune_scales, layout_misc_corridors, serial_shops,
          shop_fountains, basic_altar, minmay_shop_grid_forest,
          grunt_ministairs_7, uniq_aizul
Orc:1:    layout_diamond_mine, lemuel_statue_altar
Orc:2:    st_orc_town, layout_diamond_mine

Skill      XL: |  1  2  3  4  5  6  7  8  9 10 11 12 13 14 15 16 17 18 |
---------------+-------------------------------------------------------+-----
Axes           | 2 3 5 7 9 11 12 13 14 15 16 | 16.6
Fighting       | 4 6 7 9 10 11 12 14 | 14.8
Dodging        | 2 3 4 5 |  5.0
Shields        | 4 5 6 7 11 16 18 | 18.0
Invocations    | 4 5 9 10 | 10.0
Throwing       | 2 3 4 6 7 8 |  8.0
Armour         | 4 5 9 10 12 13 14 | 14.0

Action                   |  1- 3 |  4- 6 |  7- 9 | 10-12 | 13-15 | 16-18 || total
-------------------------+-------+-------+-------+-------+-------+-------++-------
Melee: War axe           |   135 |    53 |       |       |    25 |  1152 ||  1365
       Broad axe         |       |    25 |   294 |   348 |  1155 |       ||  1822
       Flail             |       |       |       |     5 |       |       ||     5
       Whip              |       |       |       |       |    28 |       ||    28
       Hand axe          |       |       |       |       |       |    45 ||    45
Throw: Javelin           |       |       |     3 |    70 |   151 |    75 ||   299
       Boomerang         |       |       |       |     1 |     6 |       ||     7
Invok: Heroism           |       |       |     5 |    24 |    46 |    40 ||   115
       Finesse           |       |       |       |     6 |     9 |       ||    15
  Use: Scroll            |     8 |     3 |     7 |     8 |     8 |     4 ||    38
       Potion            |     1 |     2 |     1 |     1 |     2 |     2 ||     9
 Stab: Petrifying        |       |       |       |       |     1 |       ||     1
Armor: Scale mail        |    71 |    35 |    82 |       |       |       ||   188
       Ring mail         |       |       |    81 |   112 |       |       ||   193
       Plate armour      |       |       |       |    15 |   766 |   505 ||  1286
Dodge: Dodged            |    51 |    32 |   148 |    93 |   353 |   279 ||   956
Block: Buckler           |    32 |    15 |    61 |    61 |   197 |       ||   366
       Tower shield      |       |       |       |       |   179 |   984 ||  1163

Table legend:
 A = Non-vault XP
 B = Vault XP
 C = Vault XP percentage of total XP
 D = Non-vault monster count
 E = Vault monster count
 F = Vault count percentage of total count
                 A         B        C        D         E       F
            +---------+---------+-------+---------+---------+-------
      Total |  182738 |   90543 |  33.1 |     624 |     323 |  34.1
            +---------+---------+-------+---------+---------+-------
        D:1 |      28 |       9 |  24.3 |      18 |       5 |  21.7
        D:2 |      41 |       0 |   0.0 |      15 |       0 |   0.0
        D:3 |      38 |       0 |   0.0 |      15 |       0 |   0.0
        D:4 |     560 |    1091 |  66.1 |      29 |      14 |  32.6
        D:5 |    1057 |     221 |  17.3 |      17 |       2 |  10.5
        D:6 |     857 |       0 |   0.0 |      12 |       0 |   0.0
        D:7 |     863 |       0 |   0.0 |      10 |       0 |   0.0
        D:8 |    2304 |    1301 |  36.1 |      24 |       5 |  17.2
        D:9 |    1952 |    1079 |  35.6 |      27 |       2 |   6.9
       D:10 |    2359 |      18 |   0.8 |      21 |       6 |  22.2
       D:11 |    6589 |     867 |  11.6 |      16 |       2 |  11.1
       D:12 |    7853 |     966 |  11.0 |      45 |       5 |  10.0
       D:13 |    6757 |       0 |   0.0 |      17 |       0 |   0.0
       D:14 |   11359 |    3999 |  26.0 |      22 |       6 |  21.4
       D:15 |    6310 |    4677 |  42.6 |      24 |      10 |  29.4
     Lair:1 |    1181 |    2336 |  66.4 |      10 |       7 |  41.2
     Lair:2 |    2530 |       0 |   0.0 |      13 |       0 |   0.0
     Lair:3 |    2042 |    7890 |  79.4 |       6 |      30 |  83.3
     Lair:4 |    9207 |    2417 |  20.8 |      27 |       8 |  22.9
     Lair:5 |    7308 |   20449 |  73.7 |      20 |      90 |  81.8
    Swamp:1 |   12557 |       0 |   0.0 |      22 |       0 |   0.0
    Swamp:2 |   16221 |    4625 |  22.2 |      27 |      15 |  35.7
    Swamp:3 |   18803 |    8421 |  30.9 |      30 |      13 |  30.2
    Snake:1 |    4272 |       0 |   0.0 |       8 |       0 |   0.0
    Snake:2 |   21290 |       0 |   0.0 |      36 |       0 |   0.0
    Snake:3 |   22144 |   13479 |  37.8 |      46 |      27 |  37.0
    Snake:4 |   10654 |    7937 |  42.7 |      19 |      15 |  44.1
      Orc:1 |    2100 |       0 |   0.0 |      13 |       0 |   0.0
      Orc:2 |    3502 |    8761 |  71.4 |      35 |      61 |  63.5
            +---------+---------+-------+---------+---------+-------
